 Dungeon Crawl Stone Soup version 0.31-a0-1626-g5cb510d322 (webtiles) character file.

Game seed: 2252812757335673538

95 tilp the Vexing (level 4, -2/32 HPs)
             Began as a Vampire Enchanter on Jan 12, 2024.
             Slain by Grinder (5 damage)
             ... while paralysed by Grinder
             ... on level 3 of the Dungeon.
             The game lasted 00:02:55 (2083 turns).

tilp the Vexing (Vampire Enchanter)                 Turns: 2083, Time: 00:02:56

Health: -2/32      AC:  4    Str:  7    XL:     4   Next: 40%
Magic:  14/16      EV:  2    Int: 19    God:
Gold:   124        SH:  0    Dex: 14    Spells: 2/7 levels left

rFire   . . .        a - +2 dagger
rCold   . . .        (no shield)
rNeg    . . .        b - +0 robe
rPois   .            (no helmet)
rElec   .            (no cloak)
rCorr   .            h - +1 pair of gloves
SInv    +            (no boots)
Will    .....        (no amulet)
Stlth   +++          f - ring of magical power
HPRegen 0.45/turn    (no ring)
MPRegen 0.15/turn

%: no passive effects
@: paralysed, confusing by touch, healing quickly
A: alive, fangs 3, see invisible, vampiric 2
a: Exsanguinate


You were on level 3 of the Dungeon.
You visited 1 branch of the dungeon, and saw 3 of its levels.

You collected 124 gold pieces.

Inventory:

Hand Weapons
 a - a +2 dagger (weapon)
Missiles
 i - 6 boomerangs (quivered)
Armour
 b - a +0 robe (worn)
 h - a +1 pair of gloves (worn)
Jewellery
 f - a ring of magical power (left hand)
Wands
 k - a wand of quicksilver (5)
Scrolls
 d - a scroll of enchant weapon
 m - a scroll of blinking
Potions
 c - 2 potions of invisibility
 e - a potion of enlightenment


   Skills:
 * Level 1.4 Fighting
 + Level 1.8(2.1) Short Blades
 + Level 1.1(1.6) Long Blades
 + Level 2.7 Dodging
 + Level 4.9 Stealth
 + Level 2.3 Spellcasting
 + Level 4.9 Hexes
 + Level 0.8 Ice Magic


You had 2 spell levels left.
You knew the following spells:

 Your Spells              Type           Power      Damage    Failure   Level
a - Ensorcelled Hibernat  Hex/Ice        26%        N/A       8%          2
b - Confusing Touch       Hex            20%        N/A       6%          3

Your spell library contained the following spells:

 Spells                   Type           Power      Damage    Failure   Level
 Foxfire                  Conj/Fire      8%         2x1d4     16%         1
 Tukima's Dance           Hex            20%        N/A       6%          3
 Dazzling Flash           Conj/Hex       22%        N/A       19%         3
 Plasma Beam              Fire/Air       1%         2x1d11    100%        6
 Starburst                Conj/Fire      1%         6d3       100%        6


Dungeon Overview and Level Annotations

Branches:
Dungeon (3/15)

Altars:

Annotations:
D:3 Grinder


Innate Abilities, Weirdness & Mutations

Your natural rate of healing is accelerated.
You have razor-sharp teeth.
You have supernaturally acute eyesight. (SInv)
You are afflicted with vampirism and can become a bat while bloodless.


Message History

You kill the ball python!
No target in view!
No target in view!
You now have 124 gold pieces (gained 13).
Found a stone staircase leading down.
There is a stone staircase leading down here.
A dart slug comes into view.
The helpless dart slug fails to defend itself.
You impale the dart slug!!
You kill the dart slug!
Okay, then.
You see here a dart slug corpse.
Grinder comes into view.
Found a robe.
Grinder is nearby!
Grinder is nearby!
Found a helmet.
Grinder shouts!
Casting: Ensorcelled Hibernation (safe; 8% risk of failure)
Confirm with . or Enter, or press ? or * to list all spells.
You can't see any susceptible monsters within range! (Use Z to cast anyway.)
Casting: Ensorcelled Hibernation (safe; 8% risk of failure)
Confirm with . or Enter, or press ? or * to list all spells.
Your hands begin to glow red.
You barely miss Grinder. Grinder closely misses you.
You hit Grinder but do no damage. Grinder hits you.
You writhe in agony.
You hit Grinder but do no damage. Grinder gestures at you.
Pain shoots through your body!
You hit Grinder but do no damage. Grinder closely misses you.
You hit Grinder but do no damage. You bite Grinder, but do no damage.
Grinder gestures at you.
You suddenly lose the ability to move!
Grinder hits you!
* * * LOW HITPOINT WARNING * * *
You writhe in agony.
* * * LOW HITPOINT WARNING * * *
Grinder hits you.
You die...
Grinder says, "Now the real fun starts!"

#.# #.. ### #.# ...
#.# #.## #.# ... #.#
#.##.# #.@..# #5##.#
..[ #.##############
##.####..........†....
.........#############
[...####.##
..........#
###########


You could see Grinder.

Vanquished Creatures
  A bombardier beetle (D:3)
  A ribbon worm (D:2)
  2 dart slugs
  6 bats
  4 endoplasms
  A giant cockroach (D:3)
  5 goblins
  6 hobgoblins
  7 jackals (D:1)
  4 kobolds
  4 ball pythons
  3 frilled lizards (D:1)
  7 rats
51 creatures vanquished.

Notes
Turn   | Place    | Note
-------+----------+-------------------------------------------
     0 | D:1      | tilp the Vampire Enchanter began the quest for the Orb.
     0 | D:1      | Reached XP level 1. HP: 13/13 MP: 3/3
   126 | D:1      | Reached XP level 2. HP: 2/20 MP: 5/5
   130 | D:1      | Learned a level 2 spell: Ensorcelled Hibernation
   747 | D:1      | Gained mutation: You are afflicted with vampirism and can
                  | become a bat while bloodless. [Vampire growth]
   747 | D:1      | Reached XP level 3. HP: 19/25 MP: 6/6
   951 | D:1      | Reached skill level 1 in Fighting
  1080 | D:1      | Learned a level 3 spell: Confusing Touch
  1315 | D:2      | Found a faded altar of an unknown god.
  1663 | D:2      | Reached skill level 1 in Long Blades
  1954 | D:3      | Reached XP level 4. HP: 16/32 MP: 7/7
  2074 | D:3      | Noticed Grinder
  2081 | D:3      | Paralysed by Grinder for 5 turns
  2083 | D:3      | Slain by Grinder

Illustrated notes

Levels and vault maps discovered:
D:1:      dpeg_arrival_ternary, layout_loops_ring, st_stairs_1
D:2:      layout_loops_ring, shapermc_ecumenical_altar_venn
D:3:      layout_loops_ring, skrybe_limestone_x, nrook_loot_triangle,
          uniq_robin, uniq_grinder

Skill      XL: |  1  2  3 |
---------------+----------+-----
Fighting       | 1 |  1.4
Long Blades    | 1 |  1.1
Short Blades   | |  1.8
Dodging        | |  2.7
Stealth        | |  4.9
Spellcasting   | |  2.3
Hexes          | |  4.9
Ice Magic      | |  0.8

Action                     |  1- 3 |  4- 6 || total
---------------------------+-------+-------++-------
  Melee: Dagger            |   147 |     8 ||   155
         Bite              |    13 |     2 ||    15
   Cast: Ensorcelled Hiber |     4 |     1 ||     5
         Confusing Touch   |       |     1 ||     1
    Use: Scroll            |     6 |       ||     6
   Stab: Sleeping          |    15 |     2 ||    17
 Armour: Robe              |    59 |     4 ||    63
  Dodge: Dodged            |    88 |     3 ||    91

Table legend: (Time is in decaauts)
 A = Elapsed time spent in this place.
 B = Non-inter-level travel time spent in this place.
 C = Inter-level travel time spent in this place.
 D = Time resting spent in this place.
 E = Time spent auto-exploring this place.
 F = Levels seen in this place.
 G = Mean time per level.
                   A        B        C        D        E       F      G
               +--------+--------+--------+--------+--------+-----+--------+
         Total |   2072 |   1975 |     97 |    178 |   1387 |   3 |  690.7 |
       Dungeon |   2072 |   1975 |     97 |    178 |   1387 |   3 |  690.7 |
               +--------+--------+--------+--------+--------+-----+--------+

Top non-repeatable levels by time:
     D:1: 1100 daAuts
     D:2: 872 daAuts
     D:3: 99 daAuts
